 Dungeon Crawl Stone Soup version 0.19-a0-1875-g4fea3da (webtiles) character file.

3915 graki42 the Basher (level 10, 0/106 HPs)
             Began as an Ogre Gladiator on Oct 13, 2016.
             Was an Initiate of Okawaru.
             Slain by a killer bee (7 damage)
             ... on level 8 of the Dungeon on Oct 14, 2016.
             The game lasted 00:19:51 (8568 turns).

graki42 the Basher (Ogre Gladiator)                 Turns: 8568, Time: 00:19:52

Health: 0/106      AC:  4    Str: 24    XL:     10   Next: 20%
Magic:  10/10      EV: 12    Int:  8    God:    Okawaru [......]
Gold:   392        SH:  0    Dex: 10    Spells: 0 memorised, 9 levels left

rFire  . . .     SeeInvis .     u - +0 giant spiked club
rCold  . . .     Gourm    .     b - +0 robe
rNeg   . . .     Faith    .     (shield currently unavailable)
rPois  .         Spirit   .     c - +1 hat
rElec  .         Dismiss  .     (no cloak)
rCorr  .         Reflect  .     (gloves unavailable)
MR     ++...     Harm     .     (boots unavailable)
Stlth  ++........               (no amulet)
                                (no ring)
                                A - ring of protection from magic

@: lethally poisoned (0 -> -6)
A: unfitting armour, tough skin 1
a: Renounce Religion


You were on level 8 of the Dungeon.
You worshipped Okawaru.
Okawaru was noncommittal.
You were not hungry.

You visited 2 branches of the dungeon, and saw 9 of its levels.
You also visited: Ossuary.

You collected 392 gold pieces.

Inventory:

Hand Weapons
 u - a +0 giant spiked club (weapon)
Missiles
 d - 3 throwing nets (quivered)
 t - 11 tomahawks
Armour
 b - a +0 robe (worn)
 c - a +1 hat (worn)
Jewellery
 A - a ring of protection from magic (left hand)
 C - an uncursed amulet of guardian spirit {unknown}
Wands
 E - a wand of lightning (9/15)
Scrolls
 e - a scroll of enchant armour
 g - 2 scrolls of holy word {unknown}
 i - 2 scrolls of teleportation
 m - 2 scrolls of enchant weapon {unknown}
 q - 2 scrolls of fear {unknown}
 r - 7 scrolls of identify
 w - 2 scrolls of remove curse {unknown}
 x - 3 scrolls of amnesia {unknown}
 y - 2 scrolls of immolation {unknown}
 B - a scroll of random uselessness {unknown}
Potions
 j - a potion of cure mutation {unknown}
 l - 2 potions of flight
 n - a potion of agility
 o - 2 potions of curing
 p - 3 potions of invisibility {unknown}
 s - a potion of lignification
 v - a potion of heal wounds
 z - a potion of brilliance {unknown}
 D - a potion of might {unknown}
 F - a potion of haste {unknown}
Comestibles
 a - a meat ration
 f - 3 bread rations
 h - a royal jelly
 k - 6 fruits
 G - a chunk of flesh


   Skills:
 + Level 8.5 Fighting
 + Level 12.7 Maces & Flails
 + Level 2.2 Throwing
 * Level 4.6 Armour
 + Level 5.9 Dodging
 - Level 2.1 Stealth


You had 9 spell levels left.
You didn't know any spells.

Dungeon Overview and Level Annotations

Branches:
Dungeon (8/15)             Temple (1/1) D:4
   Lair: D:8-11

Altars:
Ashenzari
Cheibriados
Dithmenos
Elyvilon
Fedhas
Gozag
Hepliaklqana
Kikubaaqudgha
Nemelex Xobeh
Okawaru
Qazlal
Ru
Sif Muna
Uskayaw
Vehumet
Xom
Yredelemnul
Zin
The Shining One

Shops:
D:4 %   D:5 :   D:8 (


Innate Abilities, Weirdness & Mutations

You are too large for most types of armour.
You have tough skin. (AC +1)


Message History

The killer bee poisons you!
You feel better. The killer bee barely misses you.
The killer bee stings you but does no damage.
You impale the killer bee!!
You kill the killer bee!
Okawaru accepts your kill. The killer bee closely misses you.
You miss the killer bee. The killer bee stings you.
* * * LOW HITPOINT WARNING * * *
You are poisoned.
The killer bee poisons you! The killer bee barely misses you. x2
You closely miss the killer bee.
You feel sick. The killer bee barely misses you. The killer bee stings you.
* * * LOW HITPOINT WARNING * * *
You are more poisoned.
The killer bee poisons you!
You closely miss the killer bee.
You feel sick. The killer bee stings you.
* * * LOW HITPOINT WARNING * * *
The killer bee stings you!
You die...

#.# #. #.#### #.
####....#### #.
#...........###
######.###.#......
#
#.......##.#...###
# #.##.........>.#
#
##.##.#..#....#.#
#..y@.#..#.).....
#..####.......####
#..# ##.#.####
#... ..... #y..#
..... .....
....... .y##...
... #...


You could see a killer bee.

Vanquished Creatures
  Pikel (D:5)
  The ghost of p0werm0de the Martial Artist, a novice OpCK of Cheibriados (D:6)
  A hippogriff (D:7)
  A water moccasin (D:6)
  An orc warrior (D:7)
  An ice beast (D:4)
  An ogre (D:7)
  A centaur (D:7)
  3 elf zombies (Ossuary)
  3 bullfrogs
  A wyvern skeleton (D:6)
  2 scorpions
  5 killer bees (D:8)
  4 wights (D:6)
  3 howler monkeys
  4 centaur zombies (Ossuary)
  A bullfrog zombie (D:5)
  3 crimson imps
  5 human zombies (Ossuary)
  A jelly (D:8)
  A hound (D:7)
  A bullfrog skeleton (D:5)
  5 orc priests
  6 orc wizards
  Jessica (D:3)
  3 iguanas
  6 worker ants
  3 mummies (Ossuary)
  A worker ant zombie (D:4)
  14 adders
  A gnoll (D:1)
  3 howler monkey skeletons
  A shadow imp (D:7)
  An ooze (D:3)
  3 adder zombies
  An adder skeleton (D:4)
  4 worms
  4 dart slugs
  4 leopard geckos
  19 orcs
  5 giant cockroaches
  9 goblins
  6 hobgoblins
  17 jackals
  8 kobolds
  4 quokkas
  5 bats
  2 frilled lizards
  A giant cockroach zombie (D:4)
  A leopard gecko zombie (D:6)
  A quokka skeleton (D:7)
  2 quokka zombies
  9 rats
195 creatures vanquished.

Vanquished Creatures (others)
  A slave (D:5)
  A leopard gecko (D:5)
  A giant cockroach (D:5)
3 creatures vanquished.

Grand Total: 198 creatures vanquished

Notes
Turn   | Place    | Note
-------+----------+-------------------------------------------
     0 | D:1      | graki42 the Ogre Gladiator began the quest for the Orb.
     0 | D:1      | Reached XP level 1. HP: 22/22 MP: 1/1
   210 | D:1      | Reached XP level 2. HP: 27/29 MP: 2/2
   606 | D:1      | Reached XP level 3. HP: 37/37 MP: 3/3
  1078 | D:2      | Reached skill level 5 in Maces & Flails
  1087 | D:2      | Found a hide-covered altar of Uskayaw.
  1115 | D:2      | Reached XP level 4. HP: 39/45 MP: 4/4
  1812 | D:3      | Reached XP level 5. HP: 41/53 MP: 5/5
  1820 | D:3      | Reached skill level 6 in Maces & Flails
  2264 | D:3      | Reached XP level 6. HP: 53/62 MP: 6/6
  2547 | D:3      | Noticed Jessica
  2554 | D:3      | Killed Jessica
  2554 | D:3      | Reached skill level 7 in Maces & Flails
  2977 | D:4      | Found Fecuefy's Food Shop.
  3141 | D:4      | Reached skill level 1 in Stealth
  3594 | D:4      | Found a glowing golden altar of the Shining One.
  3646 | D:4      | Reached XP level 7. HP: 67/71 MP: 7/7
  3977 | D:4      | Found an ancient bone altar of Kikubaaqudgha.
  3995 | D:4      | Found a staircase to the Ecumenical Temple.
  3998 | D:4      | Reached skill level 8 in Maces & Flails
  3998 | D:4      | Reached skill level 1 in Armour
  4028 | Temple   | Entered the Ecumenical Temple
  4606 | D:5      | Entered Level 5 of the Dungeon
  4606 | D:5      | Noticed Pikel
  4616 | D:5      | Killed Pikel
  4616 | D:5      | Reached skill level 5 in Fighting
  4616 | D:5      | Reached skill level 9 in Maces & Flails
  4616 | D:5      | Reached XP level 8. HP: 63/81 MP: 8/8
  4640 | D:5      | Found a basalt altar of Yredelemnul.
  4662 | D:5      | Found a sand-covered staircase.
  4671 | Ossuary  | Entered an ossuary
  4969 | Ossuary  | Reached skill level 5 in Dodging
  5179 | Ossuary  | Reached skill level 10 in Maces & Flails
  5471 | Ossuary  | Reached XP level 9. HP: 68/92 MP: 9/9
  5777 | D:5      | Found a sacrificial altar of Ru.
  6072 | D:5      | Found Hoixiuzu's Book Shop.
  6245 | D:6      | Reached skill level 11 in Maces & Flails
  6424 | D:6      | Noticed p0werm0de's ghost (novice OpCK)
  6436 | D:6      | Killed p0werm0de's ghost
  6670 | D:6      | Found a radiant altar of Vehumet.
  7607 | D:7      | Found a sparkling altar of Nemelex Xobeh.
  7612 | D:7      | Reached skill level 12 in Maces & Flails
  7880 | D:7      | Found a glowing silver altar of Zin.
  8062 | D:7      | Reached XP level 10. HP: 87/104 MP: 10/10
  8226 | D:7      | Found an iron altar of Okawaru.
  8245 | D:7      | Became a worshipper of Warmaster Okawaru
  8389 | D:8      | Found Osilo's Antique Weapon Shop.
  8390 | D:8      | Found a shattered altar of Ashenzari.
  8568 | D:8      | Slain by a killer bee

Vault maps used:
D:1:      lordsloth_arrival_two_stooges
D:2:      lemuel_doored_altar
D:3:      uniq_jessica
D:4:      marbit_many_paths, kiku_gazebo_garden_becter, serial_shops, shop,
          serial_undead, serial_undead_e, serial_undead_f, serial_undead_b,
          serial_undead_b
D:5:      yredelemnul_altar_generic, nicolae_overflow_hidden_temple,
          first_bread, lightli_ossuary_entry_decrepit_ruins, serial_shops,
          kennysheep_little_box, uniq_pikel
D:6:      nicolae_overflow_crystal_walls
D:7:      nemelex_xobeh_ov_fountains_minmay, zin_statuary,
          okawaru_metal_pillars_1_2
D:8:      overflow_temple_1_default, trog_eyes_of_draining, serial_shops,
          shop_statue
Temple:   compressed_dpeg_triangle_lava_temple
Ossuary:  ossuary_minmay_four_chambers

Skill      XL: |  1  2  3  4  5  6  7  8  9 10 |
---------------+-------------------------------+-----
Dodging        | 3 4 5 |  5.9
Fighting       | 3 4 5 6 8 |  8.5
Maces & Flails | 5 6 7 9 10 12 | 12.7
Stealth        | 1 2 |  2.1
Armour         | 2 3 4 |  4.6
Throwing       | |  2.2

Action                   |  1- 3 |  4- 6 |  7- 9 | 10-12 || total
-------------------------+-------+-------+-------+-------++-------
Melee: Flail             |    89 |   156 |       |       ||   245
       Giant spiked club |       |    60 |   286 |    51 ||   397
  Use: Scroll            |       |     3 |     4 |       ||     7
       Potion            |       |     5 |     3 |     2 ||    10
 Stab: Sleeping          |       |     1 |     3 |       ||     4
  Eat: Chunk             |     1 |     8 |    12 |     2 ||    23
       Fruit             |       |       |     3 |       ||     3
Armor: Robe              |    34 |    37 |    71 |    17 ||   159
       Skin              |       |       |     2 |       ||     2
Dodge: Dodged            |    78 |   139 |   186 |    57 ||   460
